 Dungeon Crawl Stone Soup version 0.21.1-1-g345015fe64 (webtiles) character file.

212 Htamos the Scratcher (level 5, -22/24 HPs)
             Began as a Felid Monk on July 10, 2018.
             Annihilated by an ogre
             ... wielding a +0 giant club
              (25 damage)
             ... on level 4 of the Dungeon.
             The game lasted 00:07:39 (3867 turns).

Htamos the Scratcher (Felid Monk)                   Turns: 3867, Time: 00:07:39

Health: -22/24     AC:  1    Str:  7    XL:     5   Next: 58%
Magic:  6/6        EV: 20    Int: 12    God:
Gold:   114        SH:  0    Dex: 19    Spells: 4/4 levels left
                                        Lives:  0   Deaths: 1

rFire    . . .     SeeInvis +     - Unarmed
rCold    . . .     Gourm    .   (shield unavailable)
rNeg     . . .     Faith    .   (armour unavailable)
rPois    .         Spirit   .   (helmet unavailable)
rElec    .         Reflect  .   (cloak unavailable)
rCorr    .         Harm     .   (gloves unavailable)
MR       .....                  (boots unavailable)
Stlth    +++.......             (no amulet)
HPRegen  0.08/turn              (no ring)
MPRegen  0.10/turn              (no ring)

@: quick
A: very small, no armour, no weapons or thrown items, stealth, claws 1, fangs 3,
see invisible, carnivore, speed 1, shaggy fur 1, slow metabolism 1, sharp paws
a: no special abilities


You were on level 4 of the Dungeon.
You were not hungry.

You visited 1 branch of the dungeon, and saw 4 of its levels.

You collected 114 gold pieces.

Inventory:

Jewellery
 g - an uncursed amulet of the gourmand {unknown}
Wands
 e - a wand of acid (12)
Potions
 b - a potion of cancellation {unknown}
 c - 2 potions of lignification {unknown}
Comestibles
 a - 4 rations


   Skills:
 - Level 3.0 Fighting
 - Level 4.0 Dodging
 - Level 2.6 Stealth
 + Level 6.7 Unarmed Combat


You had 4 spell levels left.
You didn't know any spells.

Dungeon Overview and Level Annotations

Branches:
Dungeon (4/15)
 Temple: D:4-7

Altars:
Fedhas
Qazlal
Vehumet
Xom

Annotations:
D:4 exclusion: statue


Innate Abilities, Weirdness & Mutations

You cannot wear armour.
You are incapable of wielding weapons or throwing items.
Your paws allow you to move quietly. (Stealth)
You have sharp claws.
You have razor-sharp teeth.
You have supernaturally acute eyesight. (SInv)
You are carnivorous and can eat meat at any time.
You cover ground quickly.
You are covered in fur. (AC +1)
You have a slow metabolism.
Your sharp claws are effective at attacking unaware monsters.


Message History

No target in view!
A giant cockroach comes into view.
A giant cockroach is nearby!
The giant cockroach misses you.
You claw the giant cockroach!
You kill the giant cockroach!
No target in view!
You can't grasp things well enough to throw them.
Okay, then.
As you read the scroll labeled ESTUEV GENERO, it crumbles to dust.
You feel aware of your surroundings.
It was a scroll of magic mapping.
The ogre shouts!
You closely miss the ogre. The ogre hits you with a giant club!!
Ouch! That really hurt!
* * * LOW HITPOINT WARNING * * *
You scratch the ogre.
The ogre is moderately wounded.
The ogre hits you with a giant club!!
Ouch! That really hurt!
You die...

#.# #.#**,,,,,,,,,,,,,,
#.# #.#*...#*.#***,****
#.# #O#*...##.# *,* #.#
#.........#***,* #.#
#..........,**,* #.#
##.......,*,**,**** #.#
*##...##,*,**,,,,,
##.########...#*,*,**,,***
#........@O..##*,*,**,,,**
##.#########......,,,,,,,,
### *,.....,,,,*,**
***####,,,,,,,, *********


You could see an ogre.

Vanquished Creatures
  A sky beast (D:4)
  An orc priest (D:4)
  2 orc wizards (D:3)
  2 worker ants (D:3)
  An adder (D:2)
  An ooze (D:1)
  An adder skeleton (D:4)
  A worm (D:3)
  2 dart slugs
  2 leopard geckos
  7 orcs
  2 giant cockroaches
  10 goblins
  A hobgoblin (D:3)
  3 jackals (D:1)
  8 kobolds
  A quokka (D:4)
  8 bats
  3 frilled lizards
  2 rats (D:3)
59 creatures vanquished.

Vanquished Creatures (others)
  A hound (D:4)
  An orc wizard (D:4)
  A worker ant (D:4)
  An adder (D:4)
4 creatures vanquished.

Grand Total: 63 creatures vanquished

Notes
Turn   | Place    | Note
-------+----------+-------------------------------------------
     0 | D:1      | Htamos the Felid Monk began the quest for the Orb.
     0 | D:1      | Reached XP level 1. HP: 10/10 MP: 2/2
   201 | D:1      | Reached XP level 2. HP: 14/14 MP: 3/3
   721 | D:1      | Reached skill level 4 in Unarmed Combat
   780 | D:1      | Reached XP level 3. HP: 12/17 MP: 4/4
   893 | D:2      | Found a faded altar of an unknown god.
  1119 | D:2      | Found a blossoming altar of Fedhas.
  1139 | D:2      | Found a stormy altar of Qazlal.
  1947 | D:3      | Reached skill level 5 in Unarmed Combat
  1947 | D:3      | Reached XP level 4. HP: 11/21 MP: 5/5
  2326 | D:3      | Killed from afar by an orc wizard
  2327 | D:3      | Reached XP level 3. HP: -4/17 MP: 4/4
  2717 | D:4      | Reached XP level 4. HP: 3/21 MP: 5/5
  3150 | D:3      | Reached skill level 6 in Unarmed Combat
  3418 | D:3      | Reached XP level 5. HP: 14/24 MP: 6/6
  3547 | D:4      | Found a radiant altar of Vehumet.
  3547 | D:4      | Noticed a frost-covered statue
  3606 | D:4      | Noticed an ogre
  3656 | D:4      | Found a shimmering altar of Xom.
  3657 | D:4      | Noticed a sky beast
  3667 | D:4      | Killed a sky beast
  3867 | D:4      | Annihilated by an ogre

Skill      XL: |  1  2  3  4 |
---------------+-------------+-----
Unarmed Combat | 4 5 6 |  6.7
Fighting       | |  3.0
Dodging        | |  4.0
Stealth        | |  2.6

Action                   |  1- 3 |  4- 6 || total
-------------------------+-------+-------++-------
Melee: Unarmed           |   106 |    55 ||   161
       Bite              |    12 |     6 ||    18
       Punch             |     1 |     3 ||     4
  Use: Scroll            |     6 |     2 ||     8
       Potion            |     1 |     2 ||     3
 Stab: Sleeping          |     6 |     3 ||     9
  Eat: Chunk             |     5 |       ||     5
Armor: Skin              |     6 |     2 ||     8
Dodge: Dodged            |    96 |    27 ||   123
